AoeStats
← Long John Silver

Black Forest

505741281Analyzed
4v4 RM · 22d ago on Sep 10, 2026· 46m 56s· 8 players
Game mode
Random Map
Map size
Large (8 player)
Population
200
Speed
Normal
Resources
Standard
Victory
Conquest
Starting age
Dark Age
Ending age
Imperial Age
RankedLock teamsTeams togetherTeam positionsShared explorationLock speedFull tech treeHidden civsTurbo modeCheats
Victory
Defeat
🇩🇪 Mapuche · Germany
1573
+9
🇫🇷 Dravidians · France
1418
+15
🇩🇪 Saracens · Germany
1401
+16
🇺🇸 Hindustanis · United States
1336
+17
🇪🇸 Britons · Spain
1469
-18
🇦🇷 Saracens · Argentina
1374
-13
🇬🇧 Malians · United Kingdom
1372
-13
🇹🇷 Franks · Türkiye
1367
-13
Lil Fabrice
1:08 Loom
9:59 Feudal Age
13:27 Fletching
14:33 Double-Bit Axe
15:48 Horse Collar
19:17 Wheelbarrow
23:02 Castle Age
21:03 Stone Mining
25:52 Town Watch
27:30 Gold Mining
31:38 Fortified Wall
31:39 Masonry
33:52 Hand Cart
36:17 Imperial Age
36:06 Bodkin Arrow
36:11 Padded Archer Armor
36:39 Ballistics
36:47 Elite Elephant Archer
37:29 Bracer
37:48 Heavy Plow
38:34 Caravan
38:55 Leather Archer Armor
39:25 Hand Cart
41:38 Medical Corps
42:37 Conscription
44:26 Chemistry
43:50 Thumb Ring
45:54 Guilds
46:31 Ring Archer Armor
Rabe3000
9:23 Feudal Age
10:42 Wheelbarrow
9:56 Loom
10:38 Double-Bit Axe
19:56 Bloodlines
22:01 Castle Age
34:24 Imperial Age
32:30 Scale Mail Armor
32:41 Forging
35:43 Chain Mail Armor
36:04 Iron Casting
36:56 Horse Collar
37:29 Bow Saw
37:22 Caravan
39:12 Wheelbarrow
38:24 Town Watch
39:43 Blast Furnace
41:08 Two-Man Saw
40:12 Heavy Plow
40:44 Gold Mining
41:58 Padded Archer Armor
43:21 Chemistry
42:48 Shatagni
45:06 Leather Archer Armor
47:59 Ring Archer Armor
DoubleZX
2:14 Loom
10:44 Feudal Age
11:27 Town Watch
12:48 Wheelbarrow
12:01 Town Watch
19:26 Fletching
19:44 Horse Collar
22:43 Champi Runner
24:41 Scale Mail Armor
30:12 Forging
34:50 Castle Age
33:19 Double-Bit Axe
33:26 Stone Mining
36:30 Bow Saw
36:54 Heavy Plow
41:12 Hand Cart
45:34 Imperial Age
43:22 Gold Mining
44:39 Gold Shaft Mining
44:39 Ballistics
45:09 Malon
45:34 Elite Skirmisher
47:19 Chemistry
46:54 Crop Rotation
46:45 Bodkin Arrow
46:51 Padded Archer Armor
Long John Silver
10:28 Feudal Age
14:13 Castle Age
12:39 Double-Bit Axe
12:35 Horse Collar
15:39 Bow Saw
15:30 Heavy Plow
20:48 Wheelbarrow
23:24 Fletching
23:20 Loom
23:50 Hand Cart
23:21 Town Watch
30:13 Imperial Age
27:59 Caravan
30:51 Bodkin Arrow
31:04 Scale Barding Armor
31:10 Forging
31:21 Conscription
30:38 Elite Mameluke
31:32 Husbandry
33:00 Two-Man Saw
32:23 Chain Barding Armor
33:19 Counterweights
33:27 Gold Mining
33:27 Stone Mining
34:15 Plate Barding Armor
34:36 Iron Casting
34:12 Bloodlines
35:04 Chemistry
36:59 Siege Engineers
37:06 Masonry
37:58 Blast Furnace
37:52 Onager
40:15 Siege Onager
41:17 Ballistics
40:55 Bodkin Arrow
41:47 Gold Shaft Mining
45:34 Murder Holes
Álvaro de Bazán
0:49 Loom
11:13 Feudal Age
11:59 Double-Bit Axe
16:35 Fletching
22:37 Castle Age
21:30 Stone Mining
23:19 Crossbowman
24:02 Bodkin Arrow
26:47 Padded Archer Armor
26:50 Squires
Lothwen
10:51 Feudal Age
14:37 Castle Age
12:45 Double-Bit Axe
21:05 Bow Saw
21:28 Gold Mining
23:37 Stone Mining
25:19 Wheelbarrow
28:22 Imperial Age
26:09 Padded Archer Armor
27:27 Leather Archer Armor
27:31 Hand Cart
30:30 Chemistry
30:57 Fletching
31:29 Ballistics
31:38 Pikeman
32:19 Squires
32:04 Arson
32:32 Scale Mail Armor
32:42 Forging
32:24 Halberdier
34:25 Chain Mail Armor
34:46 Iron Casting
36:07 Plate Mail Armor
38:20 Blast Furnace
40:12 Man-at-Arms
40:37 Gambesons
41:55 Long Swordsman
McLagan
10:31 Feudal Age
14:59 Castle Age
13:40 Double-Bit Axe
20:22 Bow Saw
23:07 Wheelbarrow
22:37 Horse Collar
23:13 Town Watch
24:25 Fletching
25:03 Loom
29:38 Imperial Age
30:22 Gold Mining
31:32 Guard Tower
32:43 Chemistry
32:36 Conscription
35:03 Scale Mail Armor
35:13 Forging
35:41 Heavy Plow
37:11 Iron Casting
36:47 Stone Mining
36:51 Arson
38:33 Hand Cart
39:09 Gold Shaft Mining
38:49 Squires
39:16 Chain Mail Armor
39:05 Onager
41:02 Plate Mail Armor
41:24 Crop Rotation
41:56 Stone Shaft Mining
44:36 Hoardings
felixaleman1010
5:32 Loom
12:00 Feudal Age
10:18 Loom
24:19 Man-at-Arms
30:12 Double-Bit Axe
33:31 Castle Age
33:56 Arson
36:24 Wheelbarrow
35:16 Long Swordsman
35:58 Scale Mail Armor
36:09 Forging
36:02 Squires
36:51 Gambesons
40:35 Chain Mail Armor
40:55 Iron Casting
42:11 Iron Casting
Connection lost

Rejoining the realm…

Still unreachable

The connection could not be restored.

Session expired

The server has moved on; the page needs a fresh start.